 Dungeon Crawl Stone Soup version 0.19-a0-1697-g0595f0e (webtiles) character file.

815 FrankyJ the Skirmisher (level 7, -2/66 HPs)
             Began as a Hill Orc Monk on Sept 26, 2016.
             Slain by a jelly (3 damage)
             ... on level 5 of the Dungeon.
             The game lasted 00:16:02 (5974 turns).

FrankyJ the Skirmisher (Hill Orc Monk)              Turns: 5974, Time: 00:16:03

Health: -2/66      AC: -12   Str: 16    XL:     7   Next: 94%
Magic:  7/7        EV: 15    Int: 15    God:
Gold:   221        SH:  8    Dex: 19    Spells: 0 memorised, 6 levels left

rFire  . . .     SeeInvis .     a - +0 hand axe
rCold  . . .     Gourm    .     q - +2 robe {MR+}
rNeg   . . .     Faith    .     z - +2 buckler
rPois  .         Spirit   .     u - +0 helmet
rElec  .         Dismiss  .     (no cloak)
rCorr  .         Reflect  .     (no gloves)
MR     +....     Harm     .     r - +1 pair of boots
Stlth  ++........               (no amulet)
                                (no ring)
                                w - +6 ring of dexterity

@: brilliant, corroded
A: no striking features
a: no special abilities


You were on level 5 of the Dungeon.
You were not hungry.

You visited 1 branch of the dungeon, and saw 6 of its levels.

You collected 221 gold pieces.

Inventory:

Hand Weapons
 a - a +0 hand axe (weapon)
Missiles
 k - 37 arrows
 l - 38 sling bullets
 v - 28 poisoned needles
 C - 8 poisoned javelins
 E - a throwing net (quivered)
Armour
 q - a +2 robe of magic resistance (worn)
 r - a +1 pair of boots (worn)
 u - a +0 helmet (worn)
 z - a +2 buckler (worn)
 A - the +2 robe of Claustrophobia {Dex+2 Stlth+}
   (You found it on level 4 of the Dungeon)

   It affects your dexterity (+2).
   It makes you more stealthy.
Jewellery
 w - a +6 ring of dexterity (left hand)
 y - a +3 ring of protection {unknown}
Scrolls
 d - 6 scrolls of identify
 e - 2 scrolls of fear
 g - 2 scrolls of magic mapping
 h - 2 scrolls of amnesia
 i - 2 scrolls of remove curse
 t - a scroll of recharging
 D - 3 scrolls of teleportation
 I - a scroll of noise {unknown}
Potions
 b - a potion of might {unknown}
 j - 2 potions of brilliance
 m - a potion of haste {unknown}
 n - a potion of curing {unknown}
 o - a potion of flight {unknown}
 p - 2 potions of agility {unknown}
 B - a potion of heal wounds {unknown}
 F - a potion of lignification {unknown}
 G - a potion of ambrosia {unknown}
 H - a potion of beneficial mutation {unknown}
Comestibles
 c - 3 bread rations
 f - 4 meat rations
 s - 3 fruits
 x - 3 beef jerkies


   Skills:
 + Level 7.0 Fighting
 - Level 5.0 Axes
 + Level 4.7 Dodging
 - Level 2.1 Stealth
 + Level 4.2 Shields


You had 6 spell levels left.
You didn't know any spells.

Dungeon Overview and Level Annotations

Branches:
Dungeon (6/15)
 Temple: D:4-7

Altars:
Fedhas
Makhleb
Qazlal
Sif Muna
Trog
Uskayaw
Zin


Message History

* * * LOW HITPOINT WARNING * * *
You block the adder's attack. The adder barely misses you.
There is a stone staircase leading up here.
The jelly barely misses you. You block the adder's attack.
You climb upwards.
There is a stone staircase leading down here.
You hit the jelly but do no damage.
Your hands burn!
* * * LOW HITPOINT WARNING * * *
The jelly is almost dead.
You closely miss the adder. The jelly closely misses you. The adder bites you.
* * * LOW HITPOINT WARNING * * *
The adder closely misses you. The jelly closely misses you.
The adder bites you.
* * * LOW HITPOINT WARNING * * *
The adder closely misses you.
It was a potion of brilliance.
You feel clever all of a sudden. The jelly hits you.
You die...

.### ###
...############.##
.#...............#
.##############.##
.# #.# .# ##.##
.######## #..>#
###.....# ##SJ#
###.....########@#
........##.......#
.##.....##.#####.#
........##.#####.#
.##.######.##....#
.##.# #.##.##.#
..#.# #.......#
#.#.#########.####
#.#.##........#


You could see a jelly and an adder.

Vanquished Creatures
  An ice beast (D:5)
  2 ogres
  A howler monkey (D:4)
  A crimson imp (D:5)
  A bullfrog zombie (D:5)
  A hound (D:5)
  A bullfrog skeleton (D:6)
  3 orc wizards
  A centaur skeleton (D:4)
  Natasha (twice) (D:4)
  An iguana (D:5)
  A worker ant (D:4)
  A hound skeleton (D:4)
  4 adders
  A howler monkey skeleton (D:4)
  2 oozes
  2 adder skeletons
  2 worms (D:3)
  2 dart slugs
  3 leopard geckos
  13 orcs
  2 ball pythons
  9 bats
  3 giant cockroaches
  5 goblins
  8 hobgoblins
  10 jackals
  4 quokkas
  7 frilled lizards
  6 kobolds
  A leopard gecko skeleton (D:4)
  5 rats
106 creatures vanquished.

Notes
Turn   | Place    | Note
-------+----------+-------------------------------------------
     0 | D:1      | FrankyJ the Hill Orc Monk began the quest for the Orb.
     0 | D:1      | Reached XP level 1. HP: 19/19 MP: 1/1
   218 | D:1      | Reached XP level 2. HP: 24/27 MP: 2/2
   821 | D:1      | Reached XP level 3. HP: 25/33 MP: 3/3
  1047 | D:2      | Reached skill level 4 in Fighting
  1842 | D:3      | Reached skill level 5 in Axes
  2430 | D:3      | Reached XP level 4. HP: 40/40 MP: 4/4
  3169 | D:3      | Reached skill level 5 in Fighting
  3169 | D:3      | Reached XP level 5. HP: 16/48 MP: 5/5
  3767 | D:4      | Noticed Natasha
  3780 | D:4      | Killed Natasha
  3930 | D:4      | Got a crude robe
  3931 | D:4      | Identified the +2 robe of Claustrophobia {Dex+2 Stlth+} (You found it on level 4 of the Dungeon)
  3966 | D:4      | Reached XP level 6. HP: 56/56 MP: 6/6
  4021 | D:4      | Reached skill level 1 in Shields
  4107 | D:4      | Noticed Natasha
  4257 | D:4      | Found a deep blue altar of Sif Muna.
  4316 | D:4      | Killed Natasha
  4470 | D:4      | Reached skill level 6 in Fighting
  4686 | D:4      | Found a stormy altar of Qazlal.
  4797 | D:4      | Reached XP level 7. HP: 46/63 MP: 7/7
  5009 | D:5      | Entered Level 5 of the Dungeon
  5041 | D:5      | Found a glowing silver altar of Zin.
  5603 | D:5      | Reached skill level 7 in Fighting
  5875 | D:5      | Found a hide-covered altar of Uskayaw.
  5879 | D:5      | Found a blossoming altar of Fedhas.
  5884 | D:5      | Found a bloodstained altar of Trog.
  5953 | D:6      | Found a burning altar of Makhleb.
  5971 | D:5      | HP: 2/66 [acid (5)]
  5974 | D:5      | Slain by a jelly

Vault maps used:
D:1:      lightli_arrival_maybe_door_vault, dk_noncrumbling_4, minmay_quantized
D:3:      first_bread
D:4:      marbit_many_paths, kennysheep_mini_moat, kennysheep_generic_room_7,
          uniq_natasha
D:5:      minmay_overflow_temple_star_quad, basic_altar
D:6:      evilmike_ruin_ashenzari, bloody_makhleb, lemuel_old_faithful

Skill      XL: |  1  2  3  4  5  6  7 |
---------------+----------------------+-----
Fighting       | 4 5 6 7 |  7.0
Axes           | 5 |  5.0
Stealth        | 2 |  2.1
Dodging        | 3 4 |  4.7
Shields        | 2 4 |  4.2

Action                   |  1- 3 |  4- 6 |  7- 9 || total
-------------------------+-------+-------+-------++-------
Melee: Hand axe          |   180 |   247 |   212 ||   639
  Use: Scroll            |     5 |     4 |       ||     9
       Potion            |       |       |     1 ||     1
 Stab: Sleeping          |     3 |     1 |     3 ||     7
       Distracted        |       |     1 |       ||     1
  Eat: Chunk             |     5 |     8 |     4 ||    17
Armor: Robe              |    52 |    57 |    51 ||   160
Dodge: Dodged            |   148 |   155 |   154 ||   457
Block: Buckler           |       |       |    11 ||    11
